 Dungeon Crawl Stone Soup version 0.29-a0-994-gc5c9f59d18 (webtiles) character file.

Game seed: 16085701760971952512

387 coolguy69 the Cutter (level 6, -2/32 HPs)
             Began as a Vine Stalker Monk on Aug 3, 2022.
             Slain by Edmund
             ... wielding a +1 dire flail of protection
              (9 damage)
             ... on level 4 of the Dungeon.
             The game lasted 00:04:13 (3013 turns).

coolguy69 the Cutter (Vine Stalker Monk)            Turns: 3013, Time: 00:04:13

Health: -2/32      AC: 11    Str: 14    XL:     6   Next: 78%
Magic:  0/7        EV: 17    Int:  9    God:
Gold:   236        SH:  5    Dex: 21    Spells: 5/5 levels left

rFire   . . .      SeeInvis .   f - +1 dagger (protect)
rCold   . . .      Faith    .   m - +0 buckler
rNeg    . . .      Spirit   +   b - +0 robe
rPois   .          Reflect  .   d - +0 helmet
rElec   .          Harm     .   (no cloak)
rCorr   .          Rampage  .   l - +0 pair of gloves
Will    .....                   (no boots)
Stlth   +++.......              (no amulet)
HPRegen 0.90/turn               i - +4 ring of evasion
MPRegen 0.10/turn               (no ring)

@: under a protective aura
A: fangs 2, regeneration 1, magic shield, antimagic bite, no potion heal 2,
agile 1, sturdy frame 1
a: no special abilities


You were on level 4 of the Dungeon.
You visited 1 branch of the dungeon, and saw 4 of its levels.

You collected 236 gold pieces.

Inventory:

Hand Weapons
 f - a +1 dagger of protection (weapon)
Armour
 b - a +0 robe (worn)
 d - a +0 helmet (worn)
 l - a +0 pair of gloves (worn)
 m - a +0 buckler (worn)
Jewellery
 i - a +4 ring of evasion (left hand)
 n - a ring of fire
Scrolls
 a - a scroll of enchant weapon {unknown}
 j - 2 scrolls of amnesia {unknown}
 k - a scroll of silence
 p - a scroll of brand weapon {unknown}
 q - a scroll of identify {unknown}
Potions
 c - a potion of ambrosia
 e - 2 potions of haste
 g - 2 potions of curing
 h - 2 potions of heal wounds
 o - a potion of degeneration {unknown}


   Skills:
 + Level 3.5 Fighting
 + Level 4.6 Short Blades
 + Level 3.5 Dodging
 + Level 4.3 Stealth
 + Level 1.2 Shields


You had 5 spell levels left.
You didn't know any spells.
Your spell library contained the following spells:

 Spells                   Type           Power      Damage    Failure   Level
 Dazzling Flash           Conj/Hex       0%         N/A       85%         3
 Iskenderun's Mystic Bla  Conj/Tloc      0%         2d3       99%         4
 Starburst                Conj/Fire      0%         6d3       100%        6


Dungeon Overview and Level Annotations

Branches:
Dungeon (4/15)
 Temple: D:4-7

Altars:
Cheibriados
The Shining One

Shops:
D:2 =

Annotations:
D:4 Edmund


Innate Abilities, Weirdness & Mutations

You have extremely sharp teeth.
Your natural rate of healing is unusually fast.
When hurt, damage is shared between your health and your magic reserves.
Your bite disrupts and absorbs the magic of your enemies.
Potions cannot restore your health.
You are agile. (Dex +4, Str/Int -1)
Your movements are slightly less encumbered by armour. (ER -2)


Message History

Edmund is severely wounded.
You hit Edmund.
Edmund is severely wounded.
Edmund hits you with a +1 dire flail of protection.
You hit Edmund. You bite Edmund. You drain his power.
You feel invigorated.
Edmund is almost dead.
Edmund misses you.
You barely miss Edmund. Your bite misses Edmund.
Edmund is almost dead.
Edmund closely misses you.
You hit Edmund but do no damage. Your bite misses Edmund.
Edmund is almost dead.
Edmund hits you with a +1 dire flail of protection.
You hit Edmund but do no damage.
Edmund is almost dead.
You block Edmund's attack.
You hit Edmund but do no damage. Your bite misses Edmund.
Edmund is almost dead.
Edmund closely misses you.
You hit Edmund but do no damage.
Edmund is almost dead.
You hit Edmund but do no damage. You bite Edmund, but do no damage.
Edmund is almost dead.
Edmund barely misses you.
You closely miss Edmund.
Edmund is almost dead.
Edmund hits you with a +1 dire flail of protection!
You hit Edmund but do no damage. Your bite misses Edmund.
Edmund is almost dead.
Edmund hits you with a +1 dire flail of protection.
You hit Edmund but do no damage.
Edmund is almost dead.
Edmund hits you with a +1 dire flail of protection.
* * * LOW HITPOINT WARNING * * *
You barely miss Edmund.
Edmund is almost dead.
You closely miss Edmund. You bite Edmund, but do no damage.
Edmund is almost dead.
Edmund hits you with a +1 dire flail of protection!
You die...

.....................#
#######.........)....#
..............#
.........##########
..........(......#
#######...........
.................#
........#######.##
.......@# .# ......@.#
. ......... ..########
.


You could see Edmund.

Vanquished Creatures
  A necrophage (D:3)
  2 orc priests (D:3)
  A hound (D:4)
  An iguana (D:4)
  Terence (D:2)
  An orc wizard (D:3)
  4 gnolls (D:4)
  5 adders
  3 dart slugs
  7 orcs (D:3)
  4 ball pythons
  8 bats
  5 endoplasms
  3 giant cockroaches
  6 hobgoblins
  3 quokkas
  A frilled lizard (D:1)
  6 goblins
  4 kobolds
  2 rats
68 creatures vanquished.

Notes
Turn   | Place    | Note
-------+----------+-------------------------------------------
     0 | D:1      | coolguy69 the Vine Stalker Monk began the quest for the
                  | Orb.
     0 | D:1      | Reached XP level 1. HP: 11/11 MP: 2/2
    75 | D:1      | Reached XP level 2. HP: 16/16 MP: 3/3
   224 | D:1      | Found a faded altar of an unknown god.
  1127 | D:2      | Found Mytos's Jewellery Shoppe.
  1143 | D:2      | Reached XP level 3. HP: 20/20 MP: 4/4
  1288 | D:2      | Noticed Terence
  1301 | D:2      | Killed Terence
  1484 | D:2      | Gained mutation: Your natural rate of healing is unusually
                  | fast. [Vine Stalker growth]
  1484 | D:2      | Reached XP level 4. HP: 24/24 MP: 5/5
  2115 | D:3      | Noticed a necrophage
  2127 | D:3      | Killed a necrophage
  2128 | D:3      | Reached XP level 5. HP: 21/28 MP: 6/6
  2240 | D:3      | Found a snail-covered altar of Cheibriados.
  2272 | D:3      | Gained mutation: Your movements are slightly less
                  | encumbered by armour. (ER -2) [potion of mutation]
  2272 | D:3      | Gained mutation: You are agile. (Dex +4, Str/Int -1)
                  | [potion of mutation]
  2304 | D:3      | HP: 1/28 [orc priest/divine providence (7)]
  2401 | D:3      | Reached XP level 6. HP: 32/32 MP: 7/7
  2533 | D:3      | Found a glowing golden altar of the Shining One.
  2624 | D:3      | Reached skill level 1 in Shields
  2960 | D:4      | Noticed Edmund
  3013 | D:4      | Slain by Edmund

Illustrated notes

Levels and vault maps discovered:
D:1:      dpeg_arrival_solitude, layout_rooms, ebering_ecumenical_altar_box,
          hangedman_decor_slide_cut, item_on_display_a
D:2:      layout_basic, serial_shops, shop, st_stairs_7, nicolae_hexahallways,
          uniq_terence
D:3:      layout_rooms, nicolae_tso_swordbearing_angel, cheibriados_altar_1,
          feat_on_display
D:4:      layout_basic, general_overflow_altar, minmay_joined_circles,
          uniq_edmund, uniq_crazy_yiuf_cottage

Skill      XL: |  1  2  3  4  5  6 |
---------------+-------------------+-----
Fighting       | 3 |  3.5
Short Blades   | 3 4 |  4.6
Stealth        | 3 4 |  4.3
Dodging        | 3 |  3.5
Shields        | 1 |  1.2

Action                   |  1- 3 |  4- 6 || total
-------------------------+-------+-------++-------
Melee: Short sword       |    73 |   100 ||   173
       Bite              |    20 |    75 ||    95
       Punch             |     1 |       ||     1
       Dagger            |       |   117 ||   117
  Use: Scroll            |     4 |     1 ||     5
       Potion            |     1 |     5 ||     6
 Stab: Sleeping          |     6 |     8 ||    14
       Distracted        |       |     1 ||     1
Armor: Robe              |     9 |    22 ||    31
Dodge: Dodged            |    44 |    91 ||   135
Block: Buckler           |     8 |    31 ||    39

Table legend: (Time is in decaauts)
 A = Elapsed time spent in this place.
 B = Non-inter-level travel time spent in this place.
 C = Inter-level travel time spent in this place.
 D = Time resting spent in this place.
 E = Time spent auto-exploring this place.
 F = Levels seen in this place.
 G = Mean time per level.
                   A        B        C        D        E       F      G
               +--------+--------+--------+--------+--------+-----+--------+
         Total |   2949 |   2834 |    115 |    358 |   1861 |   4 |  737.2 |
       Dungeon |   2949 |   2834 |    115 |    358 |   1861 |   4 |  737.2 |
               +--------+--------+--------+--------+--------+-----+--------+

Top non-repeatable levels by time:
     D:2: 1117 daAuts
     D:1: 1073 daAuts
     D:3: 617 daAuts
     D:4: 141 daAuts
